Map: Blackpink LE

Players

SamuraiFunn - Winner!

  • Race: Protoss Protoss
  • Spawn Location: 1:00

A.I. 1 (Very Hard)

  • Race: Terran Terran
  • Spawn Location: 7:00

VOD

Have the link to the VOD?

Description

Time

  • Played on: Nov. 18, 2017, 12:24 p.m.
  • Length: 21:02
Show
View Real Time Build Order
Export as new Build Order

SamuraiFunn Protoss - Winner!

Build Orders:  

Get SALT Encoding   

  12  0:01  Probe  
  13  0:14  Probe  
  14  0:19  Pylon  
  14  0:28  Probe (Chrono Boost)  
  15  0:41  Probe (Chrono Boost)  
  15  0:42  Gateway  
  16  0:45  Probe  
  17  0:58  Probe  
  17  1:01  Assimilator  
  18  1:10  Probe, Gateway  
  19  1:22  Probe  
  20  1:33  Cybernetics Core  
  20  1:39  Probe  
  21  1:40  Pylon  
  21  1:50  Zealot  
  21  1:51  Assimilator  
  23  2:02  Zealot  
  25  2:08  Probe  
  26  2:19  Zealot  
  26  2:20  Probe  
  26  2:21  Warp Gate  
  29  2:48  Pylon  
  29  2:50  Nexus  
  29  3:01  Twilight Council  
  29  3:04  Probe  
  30  3:13  Zealot  
  30  3:14  Zealot  
  30  3:16  Probe  
  35  3:27  Pylon  
  35  3:41  Probe, Assimilator  
  36  3:46  Zealot x2  
  40  3:53  Probe  
  41  4:00  Stargate  
  41  4:05  Pylon  
  41  4:13  Forge  
  41  4:17  Probe x2  
  43  4:29  Probe x2  
  45  4:36  Assimilator  
  45  4:41  Probe x2, Pylon  
  47  4:48  Void Ray  
  51  4:56  Stargate  
  51  5:04  Probe x2  
  53  5:07  Zealot x2  
  57  5:27  Gateway  
  57  5:29  Probe x2  
  59  5:40  Void Ray x2  
  67  5:50  Pylon  
  67  5:53  Pylon  
  67  6:01  Protoss Ground Weapons Level 1  
  67  6:03  Zealot  
  69  6:04  Zealot  
  69  6:05  Gateway  
  69  6:07  Probe x2, Stargate  
  73  6:14  Pylon  
  73  6:19  Charge (Chrono Boost)  
  73  6:43  Nexus  
  73  6:47  Pylon  
  73  6:49  Probe x2, Pylon  
  75  6:57  Robotics Facility  
  75  7:02  Probe x2  
  77  7:14  Probe x2  
  79  7:18  Zealot x2  
  79  7:19  Zealot x2  
  79  7:20  Void Ray  
  91  7:29  Void Ray  
  95  7:37  Pylon  
  95  7:38  Pylon  
  95  7:42  Probe x2  
  97  7:54  Probe x2  
  99  8:05  Zealot x3  
  101  8:06  Probe, Zealot  
  101  8:08  Void Ray  
  101  8:12  Probe x2  
  114  8:25  Void Ray  
  118  8:35  Protoss Shields Level 1  
  118  8:41  Zealot x2  
  118  8:42  Void Ray  
  118  8:45  Probe x3  
  129  8:55  Void Ray  
  129  8:57  Probe x3  
  129  9:02  Warp Prism  
  136  9:07  Void Ray  
  136  9:09  Probe  
  143  9:21  Zealot x3  
  149  9:26  Pylon  
  149  9:32  Pylon  
  149  9:34  Photon Cannon  
  149  9:36  Photon Cannon  
  149  9:40  Photon Cannon  
  121  10:08  Zealot x4  
  121  10:12  Void Ray x3  
  89  10:30  Assimilator  
  89  10:33  Photon Cannon  
  89  10:35  Photon Cannon  
  89  10:37  Probe x3  
  89  10:40  Zealot  
  89  10:41  Zealot x3  
  100  10:49  Probe  
  101  11:00  Void Ray  
  101  11:01  Void Ray x2  
  113  11:06  Stargate  
  113  11:08  Stargate  
  113  11:10  Gateway  
  113  11:13  Gateway  
  113  11:16  Gateway  
  113  11:20  Photon Cannon  
  113  11:23  Photon Cannon  
  113  11:39  Zealot x4  
  121  11:44  Warp Prism  
  123  11:59  Void Ray x5  
  143  12:19  Warp Prism  
  145  12:30  Zealot  
  145  12:31  Zealot x3  
  153  13:11  Void Ray x3  
  164  13:41  Void Ray  
  144  13:48  Zealot x3  
  144  13:49  Zealot x3  
  144  14:05  Void Ray x2  
  144  14:06  Void Ray x2  
  152  14:26  Zealot x3  
  152  14:27  Zealot x2  
  162  14:50  Void Ray  
  162  14:51  Void Ray  
  162  14:52  Void Ray  
  164  15:06  Void Ray  
  152  15:14  Pylon  
  152  15:15  Pylon  
  152  15:17  Pylon  
  152  15:19  Pylon  
  152  15:21  Pylon  
  144  15:23  Zealot  
  144  15:24  Zealot  
  144  15:25  Zealot x4  
  152  15:39  Gateway  
  152  15:41  Gateway  
  152  15:42  Gateway  
  152  15:46  Gateway  
  150  15:57  Zealot x2  
  150  15:58  Zealot x4  
  142  16:35  Zealot  
  142  16:36  Zealot x4  
  142  16:37  Zealot  
  154  16:47  Void Ray x4  
  154  16:48  Void Ray  
  174  17:12  Nexus  
  174  17:18  Zealot x4  
  174  17:19  Zealot x2  
  185  17:41  Zealot  
  185  17:42  Zealot x5  
  185  18:31  Stalker x3  
  185  18:32  Stalker  
  185  18:34  Stalker x2  
Show
View Real Time Build Order
Export as new Build Order

A.I. 1 (Very Hard) Terran 

Build Orders: MMM Bio 

Get SALT Encoding   

  12  0:00  SCV  
  13  0:13  SCV  
  14  0:18  Supply Depot  
  14  0:25  SCV  
  15  0:39  SCV  
  16  0:43  Barracks  
  16  0:52  SCV  
  17  1:04  SCV  
  18  1:11  Refinery  
  18  1:13  Supply Depot  
  18  1:16  SCV  
  19  1:28  SCV  
  20  1:33  Marine  
  21  1:43  Command Center  
  21  2:07  Barracks  
  21  2:08  SCV  
  22  2:11  Marine  
  22  2:15  Factory  
  23  2:20  SCV  
  24  2:24  Supply Depot  
  24  2:30  Marine  
  24  2:32  SCV  
  27  2:44  SCV  
  27  2:48  Marine  
  28  2:55  Orbital Command  
  28  2:56  SCV  
  29  2:59  Factory Tech Lab  
  29  3:03  Refinery  
  29  3:11  Orbital Command  
  29  3:14  Marine  
  29  3:16  Marine  
  31  3:22  SCV  
  32  3:31  Marine  
  32  3:34  SCV, Marine  
  34  3:37  SCV  
  36  3:44  Barracks  
  36  3:46  SCV  
  37  3:49  SCV, Marine  
  37  3:53  Barracks Tech Lab  
  39  3:58  SCV  
  39  3:59  Starport  
  39  4:01  SCV  
  41  4:07  Barracks Tech Lab  
  41  4:10  SCV, Marine  
  41  4:11  Stimpack  
  41  4:13  SCV  
  44  4:19  Supply Depot  
  44  4:22  SCV  
  45  4:25  SCV, Combat Shields, Marine  
  45  4:28  Marine  
  45  4:30  Marine  
  49  4:34  SCV  
  49  4:37  Medivac  
  52  4:41  SCV  
  52  4:43  Marine  
  54  4:46  SCV, Supply Depot, Marine  
  54  4:48  Supply Depot, Marine  
  57  4:57  SCV  
  57  4:59  SCV  
  59  5:01  Marine  
  59  5:04  Marauder  
  59  5:06  Barracks Reactor, Refinery  
  62  5:09  SCV  
  62  5:13  SCV, Refinery  
  64  5:17  Medivac  
  64  5:19  Marauder  
  69  5:21  SCV  
  69  5:22  Supply Depot  
  69  5:25  SCV  
  69  5:26  Marauder  
  72  5:33  SCV  
  72  5:35  Engineering Bay  
  73  5:37  SCV  
  73  5:41  Marauder  
  76  5:45  SCV  
  76  5:46  Supply Depot  
  76  5:47  Marauder  
  76  5:49  SCV  
  80  5:54  Engineering Bay  
  80  5:57  SCV  
  80  6:01  SCV  
  80  6:02  Terran Infantry Weapons Level 1, Marauder, Missile Turret  
  84  6:07  Missile Turret  
  84  6:09  SCV, Marauder  
  84  6:10  Starport Reactor, Barracks  
  87  6:11  Supply Depot  
  87  6:17  Marine  
  88  6:19  Marine, Terran Infantry Armor Level 1  
  88  6:23  Marauder  
  91  6:27  Concussive Shells  
  91  6:29  Marine  
  92  6:35  Supply Depot  
  92  6:37  Missile Turret  
  92  6:45  Marauder  
  92  6:46  Medivac, Viking  
  97  6:48  Marauder  
  99  6:59  Missile Turret  
  99  7:00  Supply Depot  
  99  7:06  Marauder  
  101  7:11  Marauder  
  103  7:16  Viking x2  
  103  7:19  Missile Turret  
  107  7:23  Supply Depot  
  107  7:27  Command Center  
  107  7:28  Marauder  
  109  7:31  Factory  
  109  7:32  Marauder  
  111  7:45  Starport  
  111  7:46  Medivac, Supply Depot, Viking  
  111  7:49  Marauder  
  117  7:54  Marauder  
  119  8:04  Barracks  
  119  8:09  Supply Depot  
  119  8:11  Hi-Sec Auto Tracking  
  119  8:16  Factory Tech Lab, Viking  
  119  8:18  Viking  
  123  8:22  Starport Tech Lab  
  122  8:32  Supply Depot  
  122  8:36  Marine  
  122  8:40  SCV x2, Viking  
  122  8:41  SCV, High Capacity Fuel Tanks  
  128  8:52  SCV, Refinery  
  128  8:54  SCV  
  128  8:55  Armory, Orbital Command  
  130  8:57  Missile Turret  
  130  9:04  SCV  
  130  9:06  SCV  
  132  9:10  Raven, Missile Turret  
  132  9:16  SCV  
  135  9:18  Marine  
  135  9:19  SCV  
  135  9:20  SCV  
  138  9:24  Armory  
  138  9:25  Command Center  
  138  9:28  SCV  
  138  9:31  SCV  
  140  9:32  SCV  
  140  9:36  Building Armor  
  140  9:37  Barracks Tech Lab  
  141  9:40  SCV  
  141  9:43  Terran Infantry Weapons Level 2  
  142  9:48  Supply Depot  
  142  9:52  Missile Turret  
  142  9:53  Raven  
  142  9:54  Marine  
  142  9:55  Ghost Academy  
  142  9:56  Marine  
  142  9:58  Marauder  
  148  10:01  Marauder  
  131  10:09  Viking  
  131  10:12  Viking  
  108  10:14  Marauder  
  108  10:17  Marine  
  108  10:18  Marine  
  108  10:19  Marine  
  108  10:20  Marauder  
  98  10:22  Marine  
  87  10:34  Marine  
  90  10:36  Marauder, Viking  
  90  10:37  SCV x2  
  90  10:39  SCV, Viking  
  90  10:40  SCV, Ghost, Marine  
  90  10:42  Marine, Viking  
  103  10:43  Marine  
  103  10:49  SCV  
  106  10:50  SCV  
  106  10:52  Marine  
  110  10:57  Marauder, Missile Turret  
  110  10:58  Marine  
  110  10:59  Missile Turret  
  110  11:00  Marine  
  110  11:01  Marine  
  110  11:02  Planetary Fortress  
  113  11:06  Viking  
  113  11:09  Medivac, Marauder  
  113  11:10  Marine  
  120  11:12  Medivac  
  120  11:16  Marauder  
  120  11:18  Marine  
  125  11:20  Marine x2  
  125  11:21  Refinery  
  125  11:23  Refinery  
  125  11:25  Liberator  
  127  11:28  Marine  
  127  11:30  Command Center  
  127  11:31  Marauder  
  130  11:35  Ghost  
  130  11:36  Medivac  
  130  11:37  Marine  
  130  11:38  Marauder  
  130  11:39  Viking  
  139  11:41  Marine  
  139  11:46  Marine  
  144  11:51  Liberator  
  144  11:52  Marauder  
  146  11:55  Marine  
  146  11:59  Marine, Marauder  
  150  12:03  Marine  
  150  12:05  Marauder  
  150  12:06  Viking  
  150  12:08  Refinery  
  155  12:13  Marine  
  159  12:18  Marine, Supply Depot  
  159  12:19  Marine  
  159  12:20  Marauder  
  159  12:21  Marine  
  164  12:23  Terran Infantry Weapons Level 3  
  164  12:25  Viking  
  164  12:26  Marauder  
  168  12:30  Terran Ship Weapons Level 1  
  168  12:31  Marine  
  168  12:35  Marine  
  168  12:36  Medivac  
  172  12:39  Marine  
  172  12:41  Marine, Supply Depot  
  172  12:42  Marauder  
  176  12:47  Ghost  
  176  12:49  Marine  
  179  12:51  Medivac, Planetary Fortress  
  179  12:52  Refinery  
  179  12:53  Marine, Missile Turret  
  179  12:55  Viking  
  179  12:58  SCV  
  184  13:01  Missile Turret  
  184  13:03  Marauder  
  186  13:06  SCV, Ghost, Viking  
  186  13:12  Command Center  
  190  13:16  Marauder  
  192  13:21  Viking  
  192  13:25  Viking  
  196  13:31  Marauder  
  198  13:36  Viking  
  193  13:42  Marauder  
  193  13:44  Marauder  
  173  13:50  Marine x2  
  173  13:51  Viking  
  173  13:52  Marine x2  
  173  13:55  Medivac  
  126  14:02  Marine  
  126  14:06  Marauder, Viking  
  126  14:08  Marine x2  
  111  14:10  Marine, Marauder  
  114  14:18  Liberator  
  114  14:20  Marine, Terran Infantry Armor Level 2  
  114  14:21  Viking  
  117  14:24  Planetary Fortress  
  117  14:25  Marine, Viking  
  117  14:26  Marine  
  117  14:27  Marauder  
  117  14:28  Marine  
  117  14:30  Ghost  
  124  14:35  SCV  
  129  14:39  Marauder  
  129  14:42  SCV, Missile Turret  
  129  14:43  Marine  
  123  14:46  Command Center  
  123  14:49  Marauder  
  123  14:51  Viking  
  112  14:55  Viking  
  112  14:59  Command Center  
  114  15:00  Marauder  
  105  15:09  Marine  
  105  15:10  Marine  
  84  15:18  Raven  
  84  15:20  Marine  
  64  15:21  Medivac, Marine  
  64  15:22  Command Center  
  64  15:24  Marine  
  64  15:25  Marine, Viking  
  67  15:28  Marine  
  67  15:34  SCV  
  67  15:35  SCV  
  63  15:37  SCV  
  63  15:38  Marine  
  63  15:39  Marauder  
  63  15:42  Marine  
  63  15:43  SCV, Marine  
  63  15:46  SCV  
  63  15:47  Marauder  
  58  15:55  SCV  
  58  15:56  Marine  
  55  15:58  SCV  
  55  15:59  Marine  
  55  16:01  Marauder  
  45  16:16  Marine  
  45  16:18  Marine  
  39  16:21  Command Center  
  39  16:22  Marine  
  31  16:27  Marine  
  17  17:08  Marine  
  17  17:09  Marauder  
  19  17:25  Marine  
  19  17:27  SCV, Marine  
  19  17:28  SCV  
  21  17:30  Marine  
  20  17:45  Command Center  
  20  17:50  SCV x3  
  17  18:14  Command Center  
Tags
 
Composition
MMM Bio
Matchup
PvT
Replay Pack
First 100 games
Spawn Locations
Cross Positions
Add a new tag
Caveats
  • Supply blocks, unpowered buildings, or Contaminate may cause inaccurate times.
  • Supply counts are checked every 10 seconds.